Map: Ultralove

Players

EVERYDAYGLHF - Winner!

  • Race: Terran Terran
  • League: Silver
  • Spawn Location: 1:00

짱깨슬레이어

  • Race: Protoss Protoss
  • League: Diamond
  • Spawn Location: 7:00

VOD

Have the link to the VOD?

Description

Time

  • Played on: Nov. 4, 2025, 10:42 p.m.
  • Length: 5:04
Show
View Real Time Build Order
Export as new Build Order

EVERYDAYGLHF Terran - Winner!

Build Orders: Cyclone Opening 

Get SALT Encoding   

  12  0:00  SCV  
  13  0:12  SCV  
  14  0:17  Supply Depot  
  14  0:24  SCV  
  15  0:39  SCV  
  15  0:40  Barracks  
  16  0:44  Refinery  
  16  0:51  SCV  
  16  0:53  Refinery  
  17  1:03  SCV  
  18  1:15  SCV  
  19  1:23  Supply Depot  
  19  1:28  Reaper  
  19  1:30  Orbital Command  
  20  1:46  Factory  
  20  2:01  SCV  
  20  2:06  Barracks Reactor  
  21  2:14  SCV  
  22  2:22  Command Center  
  22  2:34  SCV  
  22  2:35  Factory Tech Lab  
  23  2:42  Starport  
  23  2:43  Marine x2  
  25  2:52  SCV  
  25  2:55  Supply Depot  
  25  2:58  Cyclone  
  29  3:03  Marine  
  29  3:04  Marine  
  31  3:16  SCV  
  32  3:20  Medivac, Supply Depot  
  32  3:26  Marine x2  
  39  3:34  Siege Tank  
  39  3:48  Marine x2  
  41  3:49  Refinery  
  41  3:52  Refinery  
  41  3:56  Liberator  
  44  4:02  Orbital Command  
  44  4:06  SCV  
  45  4:19  Marine x2  
  45  4:21  Siege Tank  
  50  4:24  SCV  
  51  4:37  Marine  
Show
View Real Time Build Order
Export as new Build Order

짱깨슬레이어 Protoss 

Build Orders: 1 Gate Expand, Blink Stalkers 

Get SALT Encoding   

  12  0:00  Probe  
  13  0:12  Probe  
  14  0:20  Pylon  
  14  0:24  Probe  
  15  0:33  Probe  
  15  0:39  Gateway  
  15  0:42  Probe  
  16  0:49  Assimilator  
  17  0:53  Probe  
  18  1:01  Probe  
  18  1:09  Probe  
  20  1:28  Cybernetics Core  
  20  1:35  Nexus  
  20  1:44  Pylon  
  20  1:47  Probe  
  21  1:52  Assimilator  
  21  1:53  Stalker  
  21  1:59  Probe  
  22  2:08  Warp Gate  
  24  2:11  Probe  
  25  2:18  Stalker  
  25  2:23  Probe  
  28  2:35  Probe  
  29  2:39  Twilight Council  
  29  2:45  Stalker, Blink  
  29  2:47  Probe  
  32  2:51  Pylon  
  32  2:57  Probe  
  33  2:59  Probe  
  33  3:03  Assimilator  
  34  3:11  Probe  
  35  3:15  Stalker  
  37  3:21  Probe  
  37  3:23  Probe  
  39  3:33  Probe  
  40  3:36  Probe  
  40  3:38  Robotics Facility  
  41  3:45  Probe  
  41  3:48  Probe  
  43  3:57  Stalker  
  43  3:59  Probe  
  43  4:00  Probe  
  47  4:02  Pylon  
  47  4:07  Assimilator  
  47  4:11  Pylon, Probe  
  47  4:14  Probe  
  49  4:19  Observer  
  49  4:20  Sentry  
  49  4:23  Probe  
  52  4:26  Probe  
  52  4:29  Gateway  
  54  4:32  Observer  
  54  4:35  Probe, Gateway  
  56  4:45  Pylon  
  54  4:51  Stalker  
Tags
 
Add a new tag
Caveats
  • Supply blocks, unpowered buildings, or Contaminate may cause inaccurate times.
  • Supply counts are checked every 10 seconds.